 Dungeon Crawl Stone Soup version 0.20.1-1-g8b1a95d (webtiles) character file.

5711 HammerPanzer the Carver (level 10, 0/148 HPs)
             Began as a Minotaur Berserker on Oct 31, 2017.
             Was an Elder of Trog.
             Slain by a komodo dragon (7 damage)
             ... on level 9 of the Dungeon.
             The game lasted 00:21:39 (8353 turns).

HammerPanzer the Carver (Minotaur Berserker)        Turns: 8353, Time: 00:21:41

Health: 0/148      AC: 17    Str: 29    XL:     10   Next: 48%
Magic:  9/9        EV:  9    Int:  4    God:    Trog [****..]
Gold:   499        SH:  0    Dex: 15    Spells: 9/9 levels left

rFire    . . .     SeeInvis .   a - +0 great sword
rCold    + . .     Gourm    .   (shield currently unavailable)
rNeg     + + .     Faith    .   l - +7 chain mail "Jaschaix" {rN++ Stlth-}
rPois    .         Spirit   .   (helmet restricted)
rElec    .         Reflect  .   (no cloak)
rCorr    .         Harm     +   (no gloves)
MR       .....     Clarity  +   (no boots)
Stlth    ..........             o - amulet of harm
Regen    0.4/turn               b - +4 ring of dexterity
MPRegen  0.2/turn               A - ring of protection from cold

@: berserking, very quick
A: retaliatory headbutt, horns 2, iridescent scales 1, clarity, mutation
resistance 1
a: Berserk, Trog's Hand, Brothers in Arms, Burn Spellbooks, Renounce Religion


You were on level 9 of the Dungeon.
You worshipped Trog.
Trog was greatly pleased with you.
You were near starving.

You visited 1 branch of the dungeon, and saw 9 of its levels.

You collected 499 gold pieces.

Inventory:

Hand Weapons
 a - a +0 great sword (weapon)
Armour
 k - a +2 buckler
 l - the +7 chain mail "Jaschaix" (worn) {rN++ Stlth-}
   (You found it on level 7 of the Dungeon)

   It greatly protects you from negative energy.
   It makes you less stealthy.
 z - a +3 chain mail
Jewellery
 b - a +4 ring of dexterity (left hand)
 o - an amulet of harm (around neck)
 A - a ring of protection from cold (right hand)
Wands
 v - a wand of flame (15/48)
 y - a wand of enslavement (11/24)
Scrolls
 d - 4 scrolls of blinking
 e - 5 scrolls of remove curse
 p - a scroll of recharging
 q - 3 scrolls of magic mapping
 t - a scroll of fear {unknown}
Potions
 f - a potion of flight
 g - 6 potions of curing
 j - a potion of might {unknown}
 m - 5 potions of haste
 n - 3 potions of lignification
 s - 4 potions of heal wounds
 u - a potion of brilliance
 w - a potion of mutation
 x - a potion of resistance
 B - a potion of berserk rage
Comestibles
 c - 9 bread rations
 h - 9 fruits
 i - 5 meat rations
 r - 6 royal jellies


   Skills:
 + Level 12.4 Fighting
 * Level 14.1 Long Blades
 - Level 2.4 Armour
 - Level 2.1 Dodging
 - Level 0.1 Stealth


You had 9 spell levels left.
You didn't know any spells.

Dungeon Overview and Level Annotations

Branches:
Dungeon (9/15)             Temple (0/1) D:5
   Lair: D:8-11         Orc: D:9-12

Altars:
Dithmenos
Nemelex Xobeh
Sif Muna


Innate Abilities, Weirdness & Mutations

You reflexively headbutt those who attack you in melee.
You have a pair of horns on your head.
You are partially covered in iridescent scales. (AC +2)
You possess an exceptional clarity of mind.
You are somewhat resistant to further mutation.


Message History

The komodo dragon is heavily wounded.
The komodo dragon bites you!
You hit the komodo dragon.
You headbutt the komodo dragon, but do no damage.
The komodo dragon is heavily wounded.
The komodo dragon bites you!
Your chain mail "Jaschaix" prevents you from hitting the komodo dragon.
You headbutt the komodo dragon, but do no damage.
The komodo dragon is heavily wounded.
The komodo dragon bites you!!
* * * LOW HITPOINT WARNING * * *
A red film seems to cover your vision as you go berserk!
You feel yourself moving faster!
You feel mighty!
You are near starving!
The komodo dragon bites you!
* * * LOW HITPOINT WARNING * * *
You barely miss the komodo dragon. Your headbutt misses the komodo dragon.
The komodo dragon is heavily wounded.
The komodo dragon bites you.
You die...

#) #>. #.# .....# #.#
#.#..## #.# .....# #.#
#...# #.# # #...##
#.####.#.#.
#.#....###..@.......
#.......)...l.......
########...############.
...........#
###.######.# # #.# #.#
###.######.#
.........#.#
............


You could see a komodo dragon.

Vanquished Creatures
  2 two-headed ogres
  Pikel (D:7)
  The ghost of Regeox the Cudgeler, an amateur HuGl of Xom (D:5)
  Grinder (D:3)
  Sigmund (D:4)
  Eustachio (D:6)
  5 yaks
  3 hogs (D:7)
  A human (D:7)
  An orc warrior (D:9)
  A phantom (D:5)
  3 sky beasts
  An ogre (D:9)
  A centaur (D:7)
  A big kobold (D:8)
  4 bullfrogs
  Blork the orc (D:5)
  A scorpion (D:7)
  A water moccasin skeleton (D:4)
  2 howler monkeys
  2 crimson imps
  A quasit (D:8)
  A bullfrog skeleton (D:8)
  3 hounds
  4 orc priests
  2 iguanas
  3 orc wizards
  Terence (D:2)
  4 worker ants
  A howler monkey zombie (D:6)
  5 adders
  A howler monkey skeleton (D:5)
  2 shadow imps (D:6)
  2 oozes
  2 worms
  A dart slug (D:2)
  4 leopard geckos
  23 orcs
  3 giant cockroaches
  6 goblins
  6 hobgoblins
  9 jackals
  6 quokkas
  2 frilled lizards (D:1)
  16 kobolds
  2 quokka skeletons (D:5)
  5 rats
150 creatures vanquished.

Notes
Turn   | Place    | Note
-------+----------+-------------------------------------------
     0 | D:1      | HammerPanzer the Minotaur Berserker began the quest for the Orb.
     0 | D:1      | Reached XP level 1. HP: 19/19 MP: 0/0
   135 | D:1      | Reached XP level 2. HP: 21/27 MP: 1/1
   147 | D:1      | Reached skill level 4 in Long Blades
   638 | D:1      | Reached ** piety under Trog
   690 | D:1      | Reached XP level 3. HP: 33/33 MP: 2/2
  1224 | D:2      | Reached skill level 5 in Long Blades
  1642 | D:2      | Reached XP level 4. HP: 41/41 MP: 3/3
  1813 | D:2      | Noticed Terence
  1818 | D:2      | Killed Terence
  1847 | D:2      | Found a deep blue altar of Sif Muna.
  2183 | D:3      | Noticed Grinder
  2184 | D:3      | Paralysed by Grinder for 4 turns
  2196 | D:3      | Killed Grinder
  2196 | D:3      | Reached XP level 5. HP: 40/52 MP: 4/4
  2196 | D:3      | Reached XP level 6. HP: 46/60 MP: 5/5
  2757 | D:3      | Found a sparkling altar of Nemelex Xobeh.
  2901 | D:4      | Noticed Sigmund
  2907 | D:4      | Killed Sigmund
  3141 | D:4      | Reached XP level 7. HP: 45/69 MP: 6/6
  3292 | D:4      | Reached skill level 6 in Long Blades
  3301 | D:4      | Gained mutation: You are somewhat resistant to further mutation. [mutagenic meat]
  3303 | D:4      | Gained mutation: You possess an exceptional clarity of mind. [mutagenic meat]
  3650 | D:5      | Entered Level 5 of the Dungeon
  3731 | D:5      | Found a staircase to the Ecumenical Temple.
  3733 | D:5      | Reached *** piety under Trog
  3737 | D:5      | Noticed Regeox's ghost (amateur HuGl)
  4016 | D:5      | Found a shadowy altar of Dithmenos.
  4036 | D:5      | Noticed Blork the orc
  4045 | D:5      | Killed Blork the orc
  4045 | D:5      | Reached skill level 7 in Long Blades
  4565 | D:5      | Killed Regeox's ghost
  4565 | D:5      | Reached skill level 8 in Long Blades
  4565 | D:5      | Reached XP level 8. HP: 78/78 MP: 7/7
  5337 | D:6      | Reached skill level 9 in Long Blades
  5473 | D:6      | Reached skill level 10 in Fighting
  5495 | D:6      | Noticed Eustachio
  5517 | D:6      | Killed Eustachio
  5984 | D:7      | Reached skill level 10 in Long Blades
  6135 | D:7      | Reached XP level 9. HP: 86/86 MP: 8/8
  6139 | D:7      | Reached skill level 11 in Long Blades
  6318 | D:7      | Identified a scroll of acquirement
  6564 | D:7      | Got a faintly glowing chain mail
  6575 | D:7      | Identified the +7 chain mail "Jaschaix" {rN++ Stlth-} (You found it on level 7 of the Dungeon)
  7161 | D:7      | Noticed Pikel
  7165 | D:7      | Killed Pikel
  7165 | D:7      | Reached skill level 12 in Long Blades
  7419 | D:8      | Found Resiakk's Assorted Antiques.
  7528 | D:8      | Reached **** piety under Trog
  7575 | D:8      | Gained mutation: You are partially covered in iridescent scales. (AC +2) [mutagenic meat]
  7604 | D:8      | Noticed a two-headed ogre
  7621 | D:8      | Killed a two-headed ogre
  7621 | D:8      | Reached skill level 13 in Long Blades
  7621 | D:8      | Reached XP level 10. HP: 97/97 MP: 9/9
  8035 | D:9      | Noticed a two-headed ogre
  8042 | D:9      | Killed a two-headed ogre
  8049 | D:9      | Reached skill level 14 in Long Blades
  8352 | D:9      | HP: 7/148 [komodo dragon (14)]
  8353 | D:9      | Slain by a komodo dragon

Skill      XL: |  1  2  3  4  5  6  7  8  9 10 |
---------------+-------------------------------+-----
Fighting       | 4 7 8 9 10 11 12 | 12.4
Long Blades    | 4 5 8 10 13 14 | 14.1
Armour         | |  2.4
Dodging        | |  2.1
Stealth        | |  0.1

Action                   |  1- 3 |  4- 6 |  7- 9 | 10-12 || total
-------------------------+-------+-------+-------+-------++-------
Melee: Falchion          |    70 |       |       |       ||    70
       Headbutt          |     8 |    14 |    37 |    16 ||    75
       Short sword       |     7 |    54 |       |       ||    61
       Long sword        |       |     4 |    28 |       ||    32
       Great sword       |       |       |   148 |    44 ||   192
Invok: Berserk           |     1 |     1 |     4 |     4 ||    10
       Burn Spellbooks   |       |       |     1 |       ||     1
  Use: Scroll            |       |    13 |     6 |     1 ||    20
 Stab: Sleeping          |     1 |       |       |       ||     1
  Eat: Chunk             |     3 |     4 |    20 |     5 ||    32
       Royal jelly       |       |     1 |     2 |       ||     3
       Fruit             |       |       |     2 |       ||     2
Armor: Animal skin       |     8 |     1 |       |       ||     9
       Chain mail        |       |    20 |    24 |    19 ||    63
       Plate armour      |       |     1 |    77 |       ||    78
Dodge: Dodged            |    45 |    10 |    58 |    18 ||   131
Block: Buckler           |    10 |    11 |     3 |       ||    24
       Rpst.: Falchion   |     8 |       |       |       ||     8
       Great sword       |       |       |    17 |     7 ||    24
       Long sword        |       |       |     2 |       ||     2
